 Dungeon Crawl Stone Soup version 0.29-a0-284-gf9362112df (webtiles) character file.

Game seed: 3568417985066729786

35 n8rtot the Covert (level 3, -2/19 HPs)
             Began as a Spriggan Delver on Mar 26, 2022.
             Shot with an arrow by a centaur (11 damage)
             ... on level 7 of the Dungeon.
             The game lasted 00:01:34 (116 turns).

n8rtot the Covert (Spriggan Delver)                  Turns: 116, Time: 00:01:34

Health: -2/19      AC:  2    Str:  8    XL:     3   Next: 17%
Magic:  4/4        EV: 18    Int: 11    God:
Gold:   12         SH:  0    Dex: 18    Spells: 2/2 levels left

rFire   . . .      SeeInvis +   a - +0 short sword
rCold   . . .      Faith    .   (no shield)
rNeg    . . .      Spirit   .   b - +0 robe
rPois   .          Reflect  .   (helmet restricted)
rElec   .          Harm     .   (no cloak)
rCorr   .          Rampage  .   (gloves unavailable)
Will    .....                   (boots unavailable)
Stlth   ++++......              (no amulet)
HPRegen 0.06/turn               (no ring)
MPRegen 0.09/turn               (no ring)

@: very quick
A: very small, no large weapons, unfitting armour, see invisible, speed 3
a: no special abilities


You were on level 7 of the Dungeon.
You visited 1 branch of the dungeon, and saw 3 of its levels.

You collected 12 gold pieces.

Inventory:

Hand Weapons
 a - a +0 short sword (weapon)
Armour
 b - a +0 robe (worn)
Wands
 g - a wand of digging (3)
Scrolls
 c - a scroll of fog
 d - a scroll of magic mapping
 e - a scroll of fear
 h - a scroll of noise {unknown}
Potions
 f - a potion of haste


   Skills:
 + Level 2.6 Fighting
 + Level 2.3 Short Blades
 + Level 2.8 Dodging
 + Level 8.4 Stealth


You had 2 spell levels left.
You didn't know any spells.
Your spell library was empty.

Dungeon Overview and Level Annotations

Branches:
Dungeon (7/15)
 Temple: D:4-7

Altars:

Annotations:
D:7 Joseph


Innate Abilities, Weirdness & Mutations

You are very small and have problems with some larger weapons.
You are too small for most types of armour.
You have supernaturally acute eyesight. (SInv)
You cover ground extremely quickly. (Speed+++)


Message History

The helpless shadow imp fails to defend itself.
You impale the shadow imp!!
You kill the shadow imp!
h - a scroll labelled VOEROZ OXUNAU
Found a robe.
Found an escape hatch in the ceiling.
Found an escape hatch in the floor.
Found 14 gold pieces.
A black bear comes into view.
Found a rapier.
The black bear growls angrily.
A shadow imp comes into view.
The shadow imp shouts!
There is an escape hatch in the floor here.
You slide downwards.
The hatch slams shut behind you.
Found a quarterstaff.
Found an escape hatch in the ceiling.
The helpless hound fails to defend itself.
You impale the hound!!
You kill the hound!
Your Stealth skill increases to level 8!
You have reached level 2!
You have reached level 3!
Your experience leads to an increase in your attributes!
Increase (S)trength, (I)ntelligence, or (D)exterity?
You feel agile. x2
A centaur comes into view.
The shadow imp shouts, "Slither home, thou impertinent rude-growing flim-flammer!"
You hit the shadow imp.
The shadow imp is moderately wounded.
The shadow imp misses you.
The centaur shouts!
You hit the shadow imp.
The shadow imp is heavily wounded.
The centaur wields a +0 shortbow.
The centaur shoots an arrow.
The arrow misses you. The shadow imp completely misses you.
The centaur shoots an arrow.
The arrow hits you!
Ouch! That really hurt!
The centaur shoots an arrow.
The arrow hits you!
Ouch! That really hurt!
You die...

.....# #....#
#<...## .. #.....#
..@. #.....# ....#
##....#
.....#####.....#
)..........@...#
.........†.....#
...............#
...........5...#
................#
.................c.
...................
#############......
......


You could see a centaur and a shadow imp.

Vanquished Creatures
  A hound (D:7)
  A shadow imp (D:6)
2 creatures vanquished.

Notes
Turn   | Place    | Note
-------+----------+-------------------------------------------
     0 | D:5      | n8rtot the Spriggan Delver began the quest for the Orb.
     0 | D:5      | Reached XP level 1. HP: 11/11 MP: 2/2
    95 | D:6      | Noticed a black bear
   107 | D:7      | Noticed Joseph
   107 | D:7      | Noticed a hound
   110 | D:7      | Killed a hound
   111 | D:7      | Reached skill level 8 in Stealth
   111 | D:7      | Reached XP level 2. HP: 16/16 MP: 3/3
   111 | D:7      | Reached XP level 3. HP: 19/19 MP: 4/4
   112 | D:7      | Noticed a centaur
   116 | D:7      | Shot with an arrow by a centaur

Illustrated notes

Levels and vault maps discovered:
D:5:      layout_basic, hex_medium, uniq_blork_the_orc, uniq_menkaure
D:6:      layout_loops_ring, gammafunk_temple_overflow_statue,
          serial_park_tiny_2, minmay_misc_feat_tiny, kennysheep_flooded_box,
          ebering_dispersal_statue_hall, uniq_maggie
D:7:      layout_basic, minmay_temple_entry_enclosed_plants,
          minmay_hollow_rounded_squares, uniq_joseph, uniq_prince_ribbit1

Skill      XL: |  1 |
---------------+----+-----
Stealth        | 8 |  8.4
Fighting       | |  2.6
Short Blades   | |  2.3
Dodging        | |  2.8

Action                   || total
-------------------------++-------
Melee: Short sword       ||     4
 Stab: Sleeping          ||     2
Dodge: Dodged            ||     3

Table legend: (Time is in decaauts)
 A = Elapsed time spent in this place.
 B = Non-inter-level travel time spent in this place.
 C = Inter-level travel time spent in this place.
 D = Time resting spent in this place.
 E = Time spent auto-exploring this place.
 F = Levels seen in this place.
 G = Mean time per level.
                   A        B        C        D        E       F      G
               +--------+--------+--------+--------+--------+-----+--------+
         Total |     73 |     73 |      0 |      0 |      0 |   3 |   24.3 |
       Dungeon |     73 |     73 |      0 |      0 |      0 |   3 |   24.3 |
               +--------+--------+--------+--------+--------+-----+--------+

Top non-repeatable levels by time:
     D:5: 34 daAuts
     D:6: 32 daAuts
     D:7: 6 daAuts
